 Dungeon Crawl Stone Soup version 0.16-a0-282-ga87e286 (webtiles) character file.

37 Johnny the Gusty (level 3, -1/26 HPs)
             Began as a Demigod Air Elementalist on Aug 27, 2014.
             Slain by a hobgoblin
             ... wielding a +0 club
              (5 damage)
             ... on Level 2 of the Dungeon.
             The game lasted 00:07:10 (2176 turns).

Johnny the Gusty (Demigod Air Elementalist)         Turns: 2176, Time: 00:07:11

HP  -1/26        AC  2     Str 11      XL: 3   Next:  7%
MP   4/8         EV 12     Int 21      God:
Gold 33          SH  0     Dex 16      Spells:  3 memorised,  0 levels left

rFire  . . .     SeeInvis .     i - +0 dagger (curse)
rCold  . . .     Clarity  .     a - +0 robe
rNeg   . . .     rCorr    .     (no shield)
rPois  .         rRot     .     (no helmet)
rElec  .         Spirit   .     (no cloak)
SustAb .         Warding  .     (no gloves)
rMut   .         Stasis   .     (no boots)
Gourm  .                        (no amulet)
MR     .....                    (no ring)
                                (no ring)

@: not resistant to hostile enchantments, unstealthy
A: no striking features
a: no special abilities


You were on level 2 of the Dungeon.
You were not hungry.

You visited 1 branch of the dungeon, and saw 3 of its levels.

You collected 33 gold pieces.

Inventory:

Hand weapons
 i - a cursed +0 dagger (weapon)
 l - a cursed +0 short sword
Armour
 a - a +0 robe (worn)
Magical devices
 k - a wand of invisibility (7) {unknown}
Comestibles
 c - 2 bread rations
 f - 3 fruits
Scrolls
 d - a scroll of enchant armour
 j - a scroll of enchant weapon
Books
 b - a book of Air

   Spells                             Type                      Level
   *Shock                             Conjuration/Air              1
   *Swiftness                         Charms/Air                   2
   Repel Missiles                     Charms/Air                   2
   Flight                             Charms/Air                   3
   *Static Discharge                  Conjuration/Air              3
   Lightning Bolt                     Conjuration/Air              5


   Skills:
 + Level 2.0 Dodging
 + Level 1.9 Stealth
 + Level 0.1 Unarmed Combat
 + Level 2.4 Spellcasting
 + Level 1.2 Conjurations
 + Level 3.0 Air Magic


You couldn't memorise any spells.
You knew the following spells:

 Your Spells              Type           Power        Failure   Level  Hunger
a - Shock                 Conj/Air       ##..         8%          1    None
b - Static Discharge      Conj/Air       ##......     21%         3    ###....
c - Swiftness             Chrm/Air       #.......     12%         2    ##.....


Dungeon Overview and Level Annotations

Branches:
Dungeon (3/15)

Annotations:
D:2 Ijyb
D:3 Charly's ghost, weakling DrFE


Message History

The bat closely misses you. x2
The bat barely misses you. The bat hits you but does no damage.
The bat closely misses you. The bat hits you but does no damage.
The bat closely misses you. The bat misses you.
The bat hits you but does no damage. The bat closely misses you.
The bat barely misses you. The bat misses you. The bat barely misses you.
The bat closely misses you. The bat barely misses you.
A hobgoblin comes into view. It is wielding a club.
The bat closely misses you.
A hobgoblin comes into view. It is wielding a club.
The hobgoblin shouts!
The bat hits you but does no damage.
The hobgoblin moves out of view.
The bat misses you.
A goblin and a kobold come into view.
The kobold shouts!
The bat hits you but does no damage. The hobgoblin hits you with a club.
You die...

... ..#####. #.#
$....r...
#.###############.
#.##..g..g......'.
#.##.############.
#......# #.
#b.###..# ## #.b#
#..# #@g# ...#
#...# ... #.#g.g.
# .....K.#
#.###..# #.# #..
#.# # #.. ###


You could see 2 hobgoblins, a goblin (wandering), 2 bats and a kobold.

Vanquished Creatures
  An adder (D:2)
  3 bats (D:1)
  2 giant cockroaches (D:2)
  4 goblins
  4 hobgoblins (D:1)
  4 kobolds
  A ball python (D:2)
  A giant newt (D:1)
  8 rats
28 creatures vanquished.

Notes
Turn   | Place    | Note
--------------------------------------------------------------
     0 | D:1      | Johnny, the Demigod Air Elementalist, began the quest for the Orb.
     0 | D:1      | Reached XP level 1. HP: 14/14 MP: 3/3
   837 | D:1      | Reached XP level 2. HP: 20/20 MP: 3/5
   885 | D:1      | Reached skill level 3 in Air Magic
  1039 | D:1      | Reached skill level 1 in Conjurations
  1878 | D:3      | Noticed Charly's ghost (weakling DrFE)
  1881 | D:2      | Noticed Ijyb
  1882 | D:2      | Reached XP level 3. HP: 26/26 MP: 6/8
  2080 | D:2      | Learned a level 3 spell: Static Discharge
  2083 | D:2      | Learned a level 2 spell: Swiftness
  2176 | D:2      | Slain by a hobgoblin

Action                   || total
-------------------------++-------
Melee: Unarmed           ||    17
       Dagger            ||    30
 Cast: Shock             ||    58
       Swiftness         ||     1
       Static Discharge  ||     1
  Use: Scroll            ||     2
       Potion            ||     1
  Eat: Chunk             ||     3
       Pizza             ||     1
